Map: Dusk Towers

Players

Lilbow - Winner!

  • Race: Protoss Protoss
  • League: Grandmaster

hinO

  • Race: Zerg Zerg
  • League: Grandmaster

Event: DreamHack ZOWIE Open Leipzig

VOD

Have the link to the VOD?

Description

Time

  • Played on: Jan. 22, 2016, 7:30 a.m.
  • Length: 9:54

All games in this series

Show
View Real Time Build Order
Export as new Build Order

Lilbow Protoss - Winner!

Build Orders: Nexus First 

Get SALT Encoding   

  12  0:00  Probe (Chrono Boost)  
  13  0:12  Probe (Chrono Boost)  
  14  0:17  Pylon  
  14  0:22  Probe (Chrono Boost)  
  15  0:35  Probe (Chrono Boost)  
  16  0:46  Probe (Chrono Boost)  
  17  0:57  Nexus  
  17  1:07  Gateway  
  17  1:10  Probe (Chrono Boost)  
  18  1:16  Assimilator  
  18  1:20  Probe (Chrono Boost)  
  18  1:23  Assimilator  
  19  1:31  Probe (Chrono Boost)  
  20  1:38  Gateway  
  20  1:41  Probe (Chrono Boost)  
  21  1:52  Probe (Chrono Boost)  
  21  1:53  Cybernetics Core  
  22  2:02  Probe (Chrono Boost)  
  23  2:10  Probe (Chrono Boost)  
  23  2:13  Probe (Chrono Boost)  
  25  2:20  Probe (Chrono Boost)  
  26  2:24  Probe (Chrono Boost)  
  26  2:29  Adept x2  
  31  2:30  Warp Gate (Chrono Boost)  
  31  2:31  Probe (Chrono Boost)  
  31  2:34  Probe (Chrono Boost)  
  31  2:36  Pylon  
  33  2:41  Probe (Chrono Boost)  
  34  2:45  Probe (Chrono Boost)  
  35  2:52  Probe (Chrono Boost)  
  35  2:55  Probe (Chrono Boost)  
  35  2:57  Sentry x2  
  41  3:03  Probe (Chrono Boost)  
  42  3:06  Probe (Chrono Boost)  
  42  3:08  Pylon  
  43  3:13  Probe (Chrono Boost)  
  43  3:17  Mothership Core (Chrono Boost)  
  46  3:27  Probe (Chrono Boost)  
  47  3:35  Probe (Chrono Boost)  
  47  3:37  Probe (Chrono Boost)  
  47  3:38  Nexus  
  47  3:39  Pylon  
  49  3:45  Probe (Chrono Boost)  
  49  3:48  Probe (Chrono Boost), Pylon  
  51  3:56  Probe (Chrono Boost)  
  51  3:57  Assimilator  
  51  3:58  Probe (Chrono Boost)  
  51  4:00  Assimilator  
  53  4:05  Stargate  
  53  4:06  Probe (Chrono Boost)  
  53  4:07  Stargate  
  53  4:09  Probe (Chrono Boost)  
  53  4:17  Probe (Chrono Boost)  
  53  4:19  Probe (Chrono Boost)  
  53  4:24  Gateway x2  
  55  4:28  Probe (Chrono Boost)  
  55  4:30  Probe (Chrono Boost)  
  55  4:33  Adept x2  
  59  4:40  Probe (Chrono Boost)  
  59  4:42  Probe (Chrono Boost)  
  61  4:46  Assimilator  
  61  4:50  Phoenix x2, Assimilator  
  61  4:51  Probe (Chrono Boost)  
  61  4:52  Probe (Chrono Boost)  
  68  4:53  Probe (Chrono Boost)  
  68  4:54  Adept x2  
  72  5:00  Pylon  
  72  5:01  Probe (Chrono Boost)  
  72  5:02  Probe (Chrono Boost)  
  72  5:03  Probe (Chrono Boost)  
  75  5:12  Probe (Chrono Boost)  
  77  5:15  Phoenix x2  
  77  5:19  Adept  
  77  5:20  Adept  
  84  5:21  Adept  
  84  5:23  Adept  
  84  5:26  Probe x2 (Chrono Boost)  
  90  5:29  Pylon  
  90  5:31  Probe (Chrono Boost)  
  91  5:36  Probe (Chrono Boost)  
  91  5:37  Probe (Chrono Boost)  
  93  5:46  Pylon  
  93  5:47  Probe x3 (Chrono Boost)  
  96  5:50  Phoenix x2  
  100  5:58  Probe (Chrono Boost)  
  101  6:04  Probe x2 (Chrono Boost)  
  101  6:08  Probe (Chrono Boost), Robotics Facility  
  101  6:10  Forge  
  104  6:15  Phoenix x2  
  108  6:22  Probe (Chrono Boost)  
  109  6:29  Robotics Facility  
  109  6:30  Robotics Facility  
  107  6:40  Phoenix  
  107  6:44  Pylon  
  107  6:45  Pylon x3  
  107  6:47  Pylon x2  
  109  6:48  Pylon, Protoss Ground Weapons Level 1  
  109  6:51  Twilight Council  
  109  7:02  Immortal (Chrono Boost), Zealot  
  109  7:03  Zealot x3  
  109  7:07  Pylon  
  121  7:10  Pylon  
  121  7:17  Gateway x2  
  121  7:20  Immortal x2 (Chrono Boost)  
  121  7:21  Gateway  
  129  7:33  Templar Archives, Charge  
  133  7:37  Immortal (Chrono Boost)  
  133  7:48  Zealot x3  
  139  7:55  Immortal x2 (Chrono Boost)  
  139  7:58  Zealot  
  149  8:04  Gateway  
  149  8:05  Gateway  
  149  8:11  Immortal (Chrono Boost)  
  153  8:15  Pylon x2  
  153  8:29  Immortal (Chrono Boost)  
  153  8:31  Immortal (Chrono Boost)  
  153  8:37  Zealot x2  
  153  8:38  Zealot x5  
  159  8:45  Observer (Chrono Boost)  
  160  8:54  Nexus  
  160  8:58  High Templar x3  
  160  8:59  High Templar x3  
  160  9:00  Warp Prism (Chrono Boost)  
  160  9:01  High Templar  
  174  9:02  Zealot  
  174  9:04  High Templar  
  174  9:05  Archon x3  
  174  9:06  Immortal (Chrono Boost)  
  180  9:12  Archon  
  184  9:21  Gateway  
  184  9:35  Zealot x3  
  184  9:36  Zealot x4  
Show
View Real Time Build Order
Export as new Build Order

hinO Zerg 

Build Orders: 3 Hatch before Pool 

Get SALT Encoding   

  12  0:00  Drone  
  13  0:10  Drone  
  14  0:21  Overlord  
  14  0:27  Drone, Extractor x2  
  13  0:29  Drone  
  16  0:39  Drone  
  17  0:54  Hatchery  
  17  0:56  Drone  
  17  1:16  Hatchery  
  16  1:19  Drone  
  16  1:23  Drone  
  18  1:36  Spawning Pool  
  18  1:38  Drone  
  18  1:41  Drone  
  18  1:45  Drone, Extractor  
  19  1:52  Drone  
  20  2:03  Drone  
  20  2:07  Drone  
  22  2:15  Drone  
  23  2:20  Drone  
  24  2:22  Queen  
  24  2:23  Queen  
  24  2:26  Overlord  
  29  2:30  Zergling x2  
  29  2:33  Drone  
  29  2:36  Drone  
  31  2:38  Zergling x2  
  31  2:43  Drone  
  33  2:46  Drone  
  34  2:51  Metabolic Boost  
  34  2:56  Drone x3  
  37  3:02  Overlord  
  37  3:03  Drone  
  38  3:08  Drone  
  38  3:10  Zergling x2  
  40  3:14  Zergling x2  
  40  3:18  Zergling x2  
  42  3:22  Zergling x4  
  43  3:34  Zergling x4  
  41  3:36  Queen  
  41  3:38  Drone x6  
  48  3:45  Drone x2  
  49  3:50  Zergling x2  
  49  3:55  Overlord  
  49  3:56  Overlord  
  49  3:58  Lair  
  46  4:03  Extractor  
  46  4:05  Drone x2  
  48  4:13  Drone x2  
  50  4:19  Drone x4  
  50  4:20  Drone x2  
  50  4:21  Drone  
  57  4:26  Overlord  
  57  4:28  Drone  
  57  4:30  Drone  
  59  4:32  Extractor  
  58  4:40  Drone  
  58  4:41  Drone x7  
  66  4:48  Extractor  
  66  4:49  Roach Warren, Overlord, Extractor  
  62  4:53  Drone x4  
  66  5:03  Evolution Chamber x2, Drone x3  
  66  5:05  Drone  
  68  5:14  Drone x2  
  68  5:15  Drone, Extractor x2  
  69  5:25  Overlord, Drone  
  69  5:26  Drone  
  71  5:29  Spore Crawler  
  71  5:30  Zerg Missile Weapons Level 1, Spore Crawler, Zerg Ground Armor Level 1  
  71  5:33  Spore Crawler  
  71  5:34  Drone  
  71  5:35  Drone  
  70  5:36  Drone x2, Spore Crawler  
  70  5:37  Spore Crawler, Pneumatized Carapace  
  70  5:38  Spore Crawler  
  70  5:39  Glial Reconstitution  
  69  5:43  Drone x2  
  69  5:47  Drone x2  
  69  5:48  Infestation Pit  
  72  5:52  Drone  
  72  5:53  Drone  
  74  5:57  Roach  
  74  6:01  Roach, Zergling x2  
  72  6:05  Roach  
  72  6:08  Roach  
  72  6:09  Zergling x2  
  73  6:13  Roach  
  73  6:18  Zergling x4  
  74  6:21  Overlord  
  74  6:22  Overlord  
  74  6:23  Overlord  
  74  6:24  Overlord  
  67  6:28  Pathogen Glands  
  67  6:31  Roach x3  
  66  6:33  Zergling x2  
  62  6:40  Drone x3  
  62  6:41  Drone  
  62  6:42  Drone  
  62  6:46  Drone x2  
  69  6:48  Drone  
  69  6:53  Drone  
  71  6:55  Drone x2  
  71  6:57  Queen  
  75  7:03  Queen  
  75  7:08  Drone x3  
  80  7:16  Hydralisk Den  
  80  7:17  Drone  
  80  7:18  Drone x2  
  79  7:30  Infestor  
  79  7:31  Infestor x2  
  79  7:34  Queen x2  
  89  7:38  Infestor x2  
  87  7:44  Infestor  
  87  7:47  Drone  
  87  7:49  Drone x2  
  90  7:51  Muscular Augments  
  87  7:59  Drone x3  
  90  8:05  Drone  
  90  8:06  Drone x2  
  90  8:08  Infestor  
  95  8:16  Drone x2  
  95  8:17  Drone x3  
  100  8:39  Overlord x3  
  100  8:46  Overlord x2  
  100  8:52  Overlord x3  
  100  8:59  Roach x5  
  100  9:00  Roach  
  112  9:05  Overseer  
  112  9:09  Drone  
  112  9:20  Roach x4  
  112  9:21  Roach  
  112  9:24  Hatchery  
  121  9:26  Hydralisk x2  

Tags
 
Add a new tag
Caveats
  • Supply blocks, unpowered buildings, or Contaminate may cause inaccurate times.
  • Supply counts are checked every 10 seconds.